 Dungeon Crawl Stone Soup version 0.19.0-17-g07987d3 (console) character file.

355 Wingboner the Chopper (level 6, 0/47 HPs)
             Began as a Demonspawn Monk on Nov 10, 2016.
             Slain by a bullfrog zombie (3 damage)
             ... on level 5 of the Dungeon.
             The game lasted 00:04:42 (4324 turns).

Wingboner the Chopper (Demonspawn Monk)             Turns: 4324, Time: 00:04:43

Health: 0/47       AC:  9    Str: 13      XL:     6   Next: 36%
Magic:  0/6        EV:  7    Int: 11      God:
Gold:   196        SH:  0    Dex: 15 (16) Spells: 0 memorised, 5 levels left

rFire  . . .     SeeInvis .     a - +0 hand axe
rCold  . . .     Gourm    .     f - +0 chain mail
rNeg   . . .     Faith    .     (no shield)
rPois  .         Spirit   +     (helmet restricted)
rElec  .         Reflect  .     (no cloak)
rCorr  .         Harm     .     (no gloves)
MR     .....                    (no boots)
Stlth  ..........               (no amulet)
                                (no ring)
                                (no ring)

@: drained
A: horns 1, magic shield
a: no special abilities


You were on level 5 of the Dungeon.
You were not hungry.

You visited 2 branches of the dungeon, and saw 8 of its levels.

You collected 196 gold pieces.

Inventory:

Hand Weapons
 a - a +0 hand axe (weapon)
 v - a +0 spear
Missiles
 j - 106 stones (quivered)
 k - 40 poisoned needles
 u - 3 javelins
 y - 6 tomahawks
Armour
 b - a +0 robe
 f - a +0 chain mail (worn)
 r - a +0 pair of boots
 t - the +1 robe "Feituut" {rPois rCorr Slay+2 Stlth+, unknown}
   (You found it on level 4 of the Dungeon)

   It affects your accuracy and damage with ranged weapons and melee attacks
   (+2).
   It protects you from poison.
   It protects you from acid and corrosion.
   It makes you more stealthy.
Scrolls
 d - a scroll of fear {unknown}
 e - 5 scrolls of identify
 g - a scroll of teleportation {unknown}
 h - 2 scrolls of enchant armour {unknown}
 i - 3 scrolls of remove curse {unknown}
 l - a scroll of magic mapping {unknown}
 o - a scroll of blinking
 w - 2 scrolls of amnesia {unknown}
 x - 2 scrolls of fog {unknown}
Potions
 m - a potion of might {unknown}
 n - a potion of degeneration
 s - a potion of resistance {unknown}
Comestibles
 c - 2 bread rations
 p - 2 chunks of flesh
 z - a meat ration
 A - 3 fruits


   Skills:
 - Level 3.0(2.6) Fighting
 + Level 5.0(4.6) Axes
 + Level 4.0(3.7) Armour
 - Level 2.6(2.3) Dodging
 - Level 1.7(1.4) Stealth


You had 5 spell levels left.
You didn't know any spells.

Dungeon Overview and Level Annotations

Branches:
Dungeon (7/15)             Temple (1/1) D:7

Altars:
Fedhas
Gozag
Hepliaklqana
Kikubaaqudgha
Makhleb
Nemelex Xobeh
Okawaru
Qazlal
Ru
Uskayaw
Vehumet
Xom
Yredelemnul
Zin


Innate Abilities, Weirdness & Mutations

You have a pair of small horns on your head.
When hurt, damage is shared between your health and your magic reserves.


Message History

The bullfrog zombie barely misses you.
The bullfrog zombie completely misses you.
Your unstable footing causes you to fumble your attack.
The bullfrog zombie hits you but does no damage.
Your unstable footing causes you to fumble your attack.
The bullfrog zombie hits you.
* * * LOW HITPOINT WARNING * * *
The bullfrog zombie hits you but does no damage.
You take 2 damage, and have 6/47 hp.
Your unstable footing causes you to fumble your attack.
The bullfrog zombie barely misses you.
You hit the bullfrog zombie but do no damage.
The bullfrog zombie is moderately damaged.
The bullfrog zombie barely misses you. The bullfrog zombie hits you.
* * * LOW HITPOINT WARNING * * *
You take 3 damage, and have 3/47 hp.
You slash the bullfrog zombie!
The bullfrog zombie is heavily damaged.
The bullfrog zombie hits you.
You die...

███ █.........██
..█ █.........█ █.█
█.██...████ $≈≈≈█
█.█ █.██...█ ...≈≈█
█.█ █.██...█ ...≈≈
█.█████.██...█
█.Z≈██.......██████
█..≈≈█.███████
█...≈█@█ ...♣..≈█Z█
█....'.█ .....!≈█.█
.....≈≈█.█
....≈≈██.█ ≈≈.≈≈█
..█


██+██ .██ █ You could see a bullfrog zombie.

Vanquished Creatures
  A sky beast (D:5)
  A wight (D:7)
  A crimson imp (D:7)
  A hound (D:6)
  A bullfrog skeleton (D:6)
  2 adders (D:2)
  3 gnolls (D:2)
  A shadow imp (D:6)
  A worm (D:3)
  3 dart slugs
  3 leopard geckos
  2 orcs
  2 ball pythons
  5 bats (D:2)
  2 giant cockroaches (D:1)
  8 goblins
  5 hobgoblins
  8 jackals
  2 quokkas
  6 frilled lizards
  7 kobolds
  9 rats
74 creatures vanquished.

Vanquished Creatures (others)
  A rat (D:2)
1 creature vanquished.

Grand Total: 75 creatures vanquished

Notes
Turn   | Place    | Note
-------+----------+-------------------------------------------
     0 | D:1      | Wingboner the Demonspawn Monk began the quest for the Orb.
     0 | D:1      | Reached XP level 1. HP: 18/18 MP: 1/1
    67 | D:1      | Reached skill level 3 in Axes
   129 | D:1      | Gained mutation: You have a pair of small horns on your head. [demonic ancestry]
   129 | D:1      | Reached XP level 2. HP: 18/24 MP: 2/2
   317 | D:1      | Reached skill level 1 in Armour
   563 | D:1      | Reached XP level 3. HP: 22/29 MP: 3/3
  2005 | D:2      | Gained mutation: When hurt, damage is shared between your health and your magic reserves. [demonic ancestry]
  2005 | D:2      | Reached XP level 4. HP: 29/35 MP: 4/4
  2199 | D:2      | Found a sparkling altar of Nemelex Xobeh.
  2246 | D:2      | Found a blossoming altar of Fedhas.
  2246 | D:2      | Found a shimmering altar of Xom.
  2859 | D:3      | Reached skill level 4 in Axes
  3244 | D:4      | Got an ancient robe
  3256 | D:4      | You fall through a shaft for 3 floors!
  3256 | D:7      | Found a staircase to the Ecumenical Temple.
  3294 | D:7      | HP: 1/35 [wight/enchanted mace (5)]
  3310 | D:7      | Reached XP level 5. HP: 39/41 MP: 1/5
  3515 | Temple   | Entered the Ecumenical Temple
  3695 | D:6      | Reached XP level 6. HP: 11/47 MP: 2/6
  3953 | D:6      | Noticed an orc warrior
  4015 | D:5      | Entered Level 5 of the Dungeon
  4015 | D:5      | Found a hide-covered altar of Uskayaw.
  4240 | D:5      | Found a stormy altar of Qazlal.
  4283 | D:5      | Noticed a sky beast
  4309 | D:5      | Killed a sky beast
  4309 | D:5      | Reached skill level 5 in Axes
  4315 | D:5      | HP: 1/47 [bullfrog zombie (3)]
  4324 | D:5      | Slain by a bullfrog zombie

Skill      XL: |  1  2  3  4  5  6 |
---------------+-------------------+-----
Axes           | 3 4 5 |  5.0
Armour         | 1 2 3 4 |  4.0
Fighting       | |  3.0
Dodging        | |  2.6
Stealth        | |  1.7

Action                   |  1- 3 |  4- 6 || total
-------------------------+-------+-------++-------
Melee: Hand axe          |   137 |   258 ||   395
       Headbutt          |    23 |    35 ||    58
  Use: Potion            |       |     6 ||     6
       Scroll            |       |     1 ||     1
  Eat: Chunk             |     2 |     5 ||     7
       Bread ration      |       |     1 ||     1
Armor: Chain mail        |   100 |   181 ||   281
       Robe              |     1 |       ||     1
Dodge: Dodged            |    53 |    72 ||   125
